cohdb
Replays
Latest Replays
All Replays
Popular Replays
Top Player Replays
Match Explorer
How It Works
Community
CoH3 Stats
Reddit
Sign in to upload your games and track your stats! →
Sign in with Steam
Match 39298959
Unlisted
Match 39298959
Overview
Messages
Build Orders
End
Vickers Machine Gun Team
Construct Section Command Post
Selects Heavy Armor Battlegroup
Infantry Section
Infantry Section
Selects Engineer Detachments
Construct Platoon Command Post
Humber Armored Car
6-pounder Anti-tank Gun Team
ML 3-inch Mortar Team
Construct Company Command Post
Grenade Package
Foot Guards Section
Selects Crusader AA Medium Tank
Foot Guards Section
Unlock M3 Grant Medium Tanks
M3 Grant Medium Tank
DryCarrot
stryker_wing
NSAsBest
Thrusher
Dellan Dancing Dirty!
HuntingEVER
0
0
Comments
sign in to comment!
No comments posted yet!